 Dungeon Crawl Stone Soup version 0.19-a0-916-g8ae7e35 (webtiles) character file.

66 Implojin the Chopper (level 3, 0/31 HPs)
             Began as a Minotaur Fighter on July 6, 2016.
             Succumbed to an orc priest's poison
             ... on level 4 of the Dungeon.
             The game lasted 00:01:36 (281 turns).

Implojin the Chopper (Minotaur Fighter)              Turns: 281, Time: 00:01:36

Health: 0/31       AC:  6    Str: 25    XL:     3   Next: 96%
Magic:  2/2        EV:  7    Int:  5    God:
Gold:   14         SH:  9    Dex: 10    Spells: 0 memorised, 2 levels left

rFire  . . .     SeeInvis .     a - +0 war axe
rCold  . . .     Gourm    .     b - +0 scale mail
rNeg   . . .     Faith    .     c - +0 shield
rPois  .         Spirit   .     (helmet restricted)
rElec  .         Dismiss  .     (no cloak)
rCorr  .         Reflect  .     (no gloves)
SustAt .         Harm     .     (no boots)
MR     .....                    (no amulet)
Stlth  ..........               (no ring)
                                (no ring)

@: mighty, lethally poisoned (0 -> -5), very slightly contaminated, hasted, very
quick, not resistant to hostile enchantments, extremely unstealthy
A: retaliatory headbutt, horns 2
a: no special abilities


You were on level 4 of the Dungeon.
You were not hungry.

You visited 1 branch of the dungeon, and saw 4 of its levels.

You collected 14 gold pieces.

Inventory:

Hand Weapons
 a - a +0 war axe (weapon)
 k - a +2 flail of protection
Armour
 b - a +0 scale mail (worn)
 c - a +0 shield (worn)
Scrolls
 e - a scroll of remove curse {unknown}
 g - a scroll of identify {unknown}
 i - a scroll of noise {unknown}
Potions
 d - a potion of curing {unknown}
 h - a potion of haste
Comestibles
 f - a bread ration
 j - a meat ration


   Skills:
 - Level 3.6 Fighting
 * Level 5.2 Axes
 - Level 3.6 Armour
 - Level 3.6 Shields


You had 2 spell levels left.
You didn't know any spells.

Dungeon Overview and Level Annotations

Branches:
Dungeon (4/15)
 Temple: D:4-7

Altars:
Dithmenos


Innate Abilities, Weirdness & Mutations

You reflexively headbutt those who attack you in melee.
You have a pair of horns on your head.


Message History

Found a stone staircase leading up and a stone staircase leading down.
There is a stone staircase leading up here.
You feel very mighty all of a sudden.
The orc throws a tomahawk.
The tomahawk hits you.
* * * LOW HITPOINT WARNING * * *
The orc priest hits you with a short sword of venom.
* * * LOW HITPOINT WARNING * * *
You are lethally poisoned!
An ooze comes into view.
Unknown command.
The ooze quivers.
You slice the orc priest!!
You kill the orc priest!
Your Axes skill increases to level 5!
* * * LOW HITPOINT WARNING * * *
You feel sick.
A worker ant comes into view.
Unknown command.
It was a potion of haste.
You feel yourself speed up. The orc hits you with a club.
* * * LOW HITPOINT WARNING * * *
The orc hits you but does no damage.
You are very lightly contaminated with residual magic.
Unknown command.
* * * LOW HITPOINT WARNING * * *
You feel sick. The orc hits you but does no damage.
Found a potion of might.
The orc barely misses you.
The orc throws a tomahawk.
You block the tomahawk.
You see here a tomahawk.
* * * LOW HITPOINT WARNING * * *
You feel sick. The adder closely misses you. You furiously retaliate!
You headbutt the adder!
There is a shaft here.
Unknown command.
The adder falls through a shaft!
The shaft crumbles and collapses.
The giant gecko hisses menacingly.
You see here a fuming green potion.
d - a fuming green potion You die...

#. #### #
..####.#.#....
..###.#..
...#....
.....(.###.##...
##..##......#..
............##
#..........#
#..@J.oo)<.#
#....la....#
#...<.o....#
#..........#
#!............
#..>........##
#..........%..
#.............#
#..........##..


You could see a worker ant, an ooze, 3 orcs and a giant gecko.

Vanquished Creatures
  An orc priest (D:4)
  An adder (D:2)
  An adder skeleton (D:3)
  2 dart slugs (D:2)
  An orc (D:3)
  A giant cockroach (D:1)
  6 goblins
  4 hobgoblins
  A quokka (D:3)
  A ball python (D:1)
  A giant newt (D:1)
20 creatures vanquished.

Notes
Turn   | Place    | Note
-------+----------+-------------------------------------------
     0 | D:1      | Implojin the Minotaur Fighter began the quest for the Orb.
     0 | D:1      | Reached XP level 1. HP: 19/19 MP: 0/0
    73 | D:1      | Reached skill level 3 in Axes
   103 | D:2      | Found a shadowy altar of Dithmenos.
   110 | D:2      | Reached XP level 2. HP: 9/26 MP: 1/1
   172 | D:2      | Reached skill level 4 in Axes
   243 | D:3      | Reached XP level 3. HP: 20/31 MP: 2/2
   273 | D:4      | Reached skill level 5 in Axes
   278 | D:4      | HP: 1/31 [poisoned by an orc priest]
   281 | D:4      | Succumbed to an orc priest's poison

Vault maps used:
D:1:      noname_arrival_rooms_in_the_neighbourhood, st_stairs_5,
          cheibriados_altar_1
D:2:      nicolae_dithmenos_shadow_blocks
D:4:      cheibrodos_ashenzari_chains, first_bread

Skill      XL: |  1  2  3 |
---------------+----------+-----
Axes           | 3 4 5 |  5.2
Fighting       | |  3.6
Armour         | |  3.6
Shields        | |  3.6

Action                   || total
-------------------------++-------
Melee: War axe           ||    33
       Headbutt          ||     1
  Use: Potion            ||     2
Armor: Scale mail        ||    31
Dodge: Dodged            ||    20
Block: Shield            ||    38

Table legend:
 A = Turns spent in this place as a percentage of turns spent in the entire game.
 B = Non-inter-level travel turns spent in this place as a percentage of non-inter-level travel turns spent in the entire game.
 C = Inter-level travel turns spent in this place as a percentage of turns spent in this place.
 D = Turns resting spent in this place as a percentage of non-inter-level travel turns spent in this place.
 E = Turns spent auto-exploring this place as a percentage of non-inter-level travel turns spent in this place.
 F = Non-inter-level travel turns spent in this place divided by the number of levels of this place that you've seen.
                   A       B       C       D       E      F
               +-------+-------+-------+-------+-------+----------------------
         Total | 100.0 | 100.0 |   0.0 |   0.0 |   0.0 |  76.8
       Dungeon | 100.0 | 100.0 |   0.0 |   0.0 |   0.0 |  76.8
               +-------+-------+-------+-------+-------+----------------------

Table legend:
 A = Kills in this place as a percentage of kills in entire the game.
 B = Kills by you in this place as a percentage of kills by you in the entire game.
 C = Kills by friends in this place as a percentage of kills by friends in the entire game.
 D = Other kills in this place as a percentage of other kills in the entire game.
 E = Experience gained in this place as a percentage of experience gained in the entire game.
 F = Experience gained in this place divided by the number of levels of this place that you have seen.
                   A       B       C       D       E      F
               +-------+-------+-------+-------+-------+----------------------
         Total | 100.0 | 100.0 |  -nan |  -nan | 100.0 |  23.8
       Dungeon | 100.0 | 100.0 |  -nan |  -nan | 100.0 |  23.8
               +-------+-------+-------+-------+-------+----------------------
